MWL (24 & UNDER)
BEMIDJI BENDERS @ COLUMBIA 08S
08/05/2023
 
TOP OF THE 1ST
Bemidji Benders batting - Pitching for Columbia 08s : RHP Curt Howard
Pitching: RHP Curt Howard
Batting: RHB António López 0-0: Ball
1-0: Ground out 5-3 (Groundball, 56)
Batting: RHB Gabriel Stout 0-0: Ball
1-0: Called Strike
1-1: Swinging Strike
1-2: Ball
2-2: DOUBLE (Line Drive, 78M)
Batting: SHB Edgardo Osorio 0-0: Called Strike
Gabriel Stout is caught stealing 3rd base
0-1: Called Strike
0-2: Strikes out swinging
Top of the 1st over - 0 run(s), 1 hit(s), 0 error(s), 0 left on base; Bemidji 0 - Columbia 0
BOTTOM OF THE 1ST
Columbia 08s batting - Pitching for Bemidji Benders : RHP Don Wiggins
Pitching: RHP Don Wiggins
Batting: RHB Chris Jones 0-0: SINGLE (Groundball, 6MD) (infield hit)
Batting: LHB Gino Canio 0-0: Ball
1-0: Called Strike
1-1: Ball
2-1: Swinging Strike
2-2: Ball
3-2: SINGLE (Line Drive, 4M)
Chris Jones to second
Batting: RHB Ichizo Akiyama 0-0: Fielders Choice at 2nd, 3-6 (Groundball, 34)
Chris Jones to third
Batting: RHB Felipe Rego 0-0: Called Strike
0-1: Ball
1-1: Called Strike
1-2: Ball
2-2: Foul Ball, location: 2F
2-2: Ground out 4-3 (Groundball, 4M)
Chris Jones scores
Ichizo Akiyama to second
Batting: RHB Ryosei Yamamoto 0-0: Ball
1-0: SINGLE (Groundball, 4MD)
Ichizo Akiyama to third
Runner from 3rd tries for Home, SAFE, throw made home
Ryosei Yamamoto to second
Batting: LHB José Costa 0-0: Ball
1-0: Reached on error, E6 (Groundball, 6)
Ryosei Yamamoto to third
Batting: RHB Cristo García 0-0: Ball
1-0: Ball
2-0: Fly out, F9 (Flyball, 9M)
Bottom of the 1st over - 2 run(s), 3 hit(s), 1 error(s), 2 left on base; Bemidji 0 - Columbia 2
TOP OF THE 2ND
Bemidji Benders batting - Pitching for Columbia 08s : RHP Curt Howard
Batting: RHB Alfredo López 0-0: Called Strike
0-1: Ball
1-1: Ball
2-1: Ground out 6-3 (Groundball, 6)
Batting: RHB Juan Costello 0-0: Foul Ball, location: 2F
0-1: Foul Ball, location: 2F
0-2: Ball
1-2: Ball
2-2: Ball
3-2: Base on Balls
Batting: RHB Javier Hernández 0-0: Ball
Juan Costello steals 2nd base
1-0: SINGLE (Flyball, 78S)
Juan Costello to third
Runner from 3rd tries for Home, SAFE, no throw or cutoff
Batting: RHB Ángel Garza 0-0: Ball
1-0: Ball
2-0: Foul Ball, location: 2F
2-1: Fly out, F8 (Flyball, 8LM)
Batting: SHB José Cruz 0-0: Ball
1-0: Called Strike
1-1: Ball
2-1: Fly out, F8 (Flyball, 8LM)
Top of the 2nd over - 1 run(s), 1 hit(s), 0 error(s), 1 left on base; Bemidji 1 - Columbia 2
BOTTOM OF THE 2ND
Columbia 08s batting - Pitching for Bemidji Benders : RHP Don Wiggins
Batting: RHB Roberto Martínez 0-0: Ball
1-0: Fly out, F7 (Flyball, 7M)
Batting: RHB Alfredo Hernández 0-0: Ball
1-0: Called Strike
1-1: Ball
2-1: Fly out, F9 (Line Drive, 9D)
Batting: RHB Chris Jones 0-0: Ball
1-0: Foul Ball, location: 2F
1-1: Swinging Strike
1-2: Foul Ball, location: 2F
1-2: Foul Ball, location: 2F
1-2: Ball
2-2: Foul Ball, location: 2F
2-2: Foul Ball, location: 2F
2-2: Ball
3-2: Base on Balls
Batting: LHB Gino Canio 0-0: Called Strike
0-1: Fly out, F7 (Flyball, 7M)
Bottom of the 2nd over - 0 run(s), 0 hit(s), 0 error(s), 1 left on base; Bemidji 1 - Columbia 2
TOP OF THE 3RD
Bemidji Benders batting - Pitching for Columbia 08s : RHP Curt Howard
Batting: RHB Júlio Valdés 0-0: Called Strike
0-1: Called Strike
0-2: Strikes out swinging
Batting: RHB António López 0-0: Bunted foul
0-1: Ball
1-1: SINGLE (Groundball, 6MD) (infield hit)
Batting: RHB Gabriel Stout 0-0: Called Strike
0-1: Ball
António López steals 2nd base
1-1: Foul Ball, location: 2F
1-2: Strikes out swinging
Batting: SHB Edgardo Osorio 0-0: Ball
1-0: Foul Ball, location: 2F
1-1: Ball
2-1: Foul Ball, location: 2F
2-2: Strikes out swinging
Top of the 3rd over - 0 run(s), 1 hit(s), 0 error(s), 1 left on base; Bemidji 1 - Columbia 2
BOTTOM OF THE 3RD
Columbia 08s batting - Pitching for Bemidji Benders : RHP Don Wiggins
Batting: RHB Ichizo Akiyama 0-0: Ball
1-0: Foul Ball, location: 2F
1-1: Ball
2-1: Foul Ball, location: 2F
2-2: Foul Ball, location: 2F
2-2: Ball
3-2: Foul Ball, location: 2F
3-2: Strikes out swinging
Batting: RHB Felipe Rego 0-0: Called Strike
0-1: Foul Ball, location: 2F
0-2: SINGLE (Line Drive, 7LM)
Batting: RHB Ryosei Yamamoto 0-0: Called Strike
0-1: Called Strike
0-2: Ball
1-2: Foul Ball, location: 2F
1-2: Ball
2-2: Reached on error, E1 (Groundball, 23)
Felipe Rego to second
Batting: LHB José Costa 0-0: Ball
1-0: DOUBLE (Line Drive, 78D)
Felipe Rego scores
Ryosei Yamamoto to third
Batting: RHB Cristo García 0-0: Ball
1-0: Foul Ball, location: 2F
1-1: Ball
2-1: Swinging Strike
2-2: Ground out 1-3 (Groundball, 13S)
Batting: RHB Roberto Martínez 0-0: Called Strike
0-1: Ball
1-1: Foul Ball, location: 2F
1-2: Foul Ball, location: 2F
1-2: Ball
2-2: Reached on error, E5 (Groundball, 56S)
Ryosei Yamamoto scores
José Costa to third
Batting: RHB Alfredo Hernández 0-0: Ball
1-0: Foul Ball, location: 2F
1-1: Swinging Strike
1-2: Ball
2-2: Hit by Pitch
Roberto Martínez to second
Batting: RHB Chris Jones 0-0: Swinging Strike
0-1: SINGLE (Line Drive, 78S)
José Costa scores
Roberto Martínez to third
Alfredo Hernández to second
Runner from 3rd tries for Home, SAFE, no throw or cutoff
Batting: LHB Gino Canio 0-0: Ball
1-0: Foul Ball, location: 2F
1-1: Foul Ball, location: 2F
1-2: Foul Ball, location: 2F
1-2: Foul Ball, location: 2F
1-2: Strikes out swinging
Bottom of the 3rd over - 4 run(s), 3 hit(s), 2 error(s), 2 left on base; Bemidji 1 - Columbia 6
TOP OF THE 4TH
Bemidji Benders batting - Pitching for Columbia 08s : RHP Curt Howard
Batting: RHB Alfredo López 0-0: Called Strike
0-1: Ball
1-1: Ball
2-1: Fly out, F9 (Flyball, 89S)
Batting: RHB Juan Costello 0-0: Ball
1-0: Foul Ball, location: 2F
1-1: Called Strike
1-2: SINGLE (Groundball, 6M)
Batting: RHB Javier Hernández 0-0: Ball
1-0: Called Strike
1-1: Swinging Strike
1-2: Strikes out looking
Batting: RHB Ángel Garza 0-0: Swinging Strike
0-1: Ball
1-1: Fielders Choice at 2nd, U6 (Groundball, 6M)
Top of the 4th over - 0 run(s), 1 hit(s), 0 error(s), 1 left on base; Bemidji 1 - Columbia 6
BOTTOM OF THE 4TH
Columbia 08s batting - Pitching for Bemidji Benders : RHP Don Wiggins
Batting: RHB Ichizo Akiyama 0-0: Ground out 1-3 (Groundball, 23)
Batting: RHB Felipe Rego 0-0: Swinging Strike
0-1: Swinging Strike
0-2: Ball
1-2: Foul Ball, location: 2F
1-2: Ball
2-2: Strikes out swinging
Batting: RHB Ryosei Yamamoto 0-0: Ball
1-0: Swinging Strike
1-1: Ground out 5-3 (Groundball, 56)
Bottom of the 4th over - 0 run(s), 0 hit(s), 0 error(s), 0 left on base; Bemidji 1 - Columbia 6
TOP OF THE 5TH
Bemidji Benders batting - Pitching for Columbia 08s : RHP Curt Howard
Batting: SHB José Cruz 0-0: Foul Ball, location: 2F
0-1: Ball
1-1: Foul Ball, location: 2F
1-2: Foul Ball, location: 2F
1-2: Ball
2-2: Reached on error, E6 (Groundball, 6)
Batting: RHB Júlio Valdés 0-0: Called Strike
0-1: Ball
1-1: Ball
2-1: Ball
3-1: Fly out, F7 (Flyball, 78S)
Batting: RHB António López 0-0: Ball
1-0: Ball
2-0: Ball
3-0: Called Strike
3-1: Base on Balls
José Cruz to second
Batting: RHB Gabriel Stout 0-0: Called Strike
0-1: Called Strike
José Cruz steals 3rd base
António López to second
0-2: Foul Ball, location: 2F
0-2: SINGLE (Line Drive, 8RS)
José Cruz scores
António López to third
Batting: SHB Edgardo Osorio 0-0: Foul Ball, location: 2F
0-1: Ball
1-1: Called Strike
1-2: Ball
2-2: Ball
3-2: Foul Ball, location: 2F
3-2: Ground out 1-3 (Groundball, 15S)
Gabriel Stout to second
Pitching: LHP Dwight Livingston
Batting: RHB Alfredo López 0-0: Foul Ball, location: 2F
0-1: Ball
1-1: Called Strike
1-2: Foul Ball, location: 2F
1-2: Strikes out swinging
Top of the 5th over - 1 run(s), 1 hit(s), 1 error(s), 2 left on base; Bemidji 2 - Columbia 6
BOTTOM OF THE 5TH
Columbia 08s batting - Pitching for Bemidji Benders : RHP Don Wiggins
Pitching: RHP Mark Anderson
Batting: LHB José Costa 0-0: Ball
1-0: Ball
2-0: Swinging Strike
2-1: Foul Ball, location: 2F
2-2: Ball
3-2: Foul Ball, location: 2F
3-2: Base on Balls
Batting: RHB Cristo García 0-0: Called Strike
0-1: Ground out 5-3 (Groundball, 5S)
José Costa to second
Batting: RHB Roberto Martínez 0-0: Called Strike
0-1: Ball
1-1: Ball
2-1: Swinging Strike
2-2: Strikes out swinging
Batting: RHB Alfredo Hernández 0-0: Called Strike
0-1: Ball
1-1: Called Strike
1-2: Strikes out swinging
Bottom of the 5th over - 0 run(s), 0 hit(s), 0 error(s), 1 left on base; Bemidji 2 - Columbia 6
TOP OF THE 6TH
Bemidji Benders batting - Pitching for Columbia 08s : LHP Dwight Livingston
Batting: RHB Juan Costello 0-0: Called Strike
0-1: DOUBLE (Line Drive, 56D)
Batting: RHB Javier Hernández 0-0: Ball
1-0: SINGLE (Line Drive, 6MD)
Juan Costello to third
Runner from 3rd tries for Home, SAFE, no throw or cutoff
Batting: RHB Ángel Garza 0-0: Ball
1-0: Fly out, F9 (Flyball, 9LM)
Batting: SHB José Cruz 0-0: Foul Ball, location: 2F
0-1: Ball
1-1: Ball
2-1: Called Strike
2-2: Strikes out looking
Batting: RHB Júlio Valdés 0-0: Ball
1-0: Called Strike
1-1: Foul Ball, location: 2F
1-2: Strikes out swinging
Top of the 6th over - 1 run(s), 2 hit(s), 0 error(s), 1 left on base; Bemidji 3 - Columbia 6
BOTTOM OF THE 6TH
Columbia 08s batting - Pitching for Bemidji Benders : RHP Mark Anderson
Batting: RHB Chris Jones 0-0: Ball
1-0: Called Strike
1-1: Swinging Strike
1-2: Ball
2-2: Foul Ball, location: 2F
2-2: Ball
3-2: Foul Ball, location: 2F
3-2: SINGLE (Groundball, 6MD)
Batting: LHB Gino Canio 0-0: Called Strike
0-1: Foul Ball, location: 2F
0-2: Strikes out swinging
Batting: RHB Ichizo Akiyama 0-0: Called Strike
0-1: Foul Ball, location: 2F
0-2: Strikes out swinging
Batting: RHB Felipe Rego 0-0: Called Strike
0-1: Ball
1-1: Ground out 5-3 (Groundball, 5)
Bottom of the 6th over - 0 run(s), 1 hit(s), 0 error(s), 1 left on base; Bemidji 3 - Columbia 6
TOP OF THE 7TH
Bemidji Benders batting - Pitching for Columbia 08s : LHP Dwight Livingston
Batting: RHB António López 0-0: Called Strike
0-1: Called Strike
0-2: Foul Ball, location: 2F
0-2: Fly out, F4 (Popup, 34D)
Batting: RHB Gabriel Stout 0-0: Ball
1-0: Ball
2-0: Ball
3-0: Called Strike
3-1: Called Strike
3-2: SINGLE (Groundball, 34D)
Batting: SHB Edgardo Osorio 0-0: Ball
1-0: Called Strike
1-1: Ball
2-1: Fielders Choice at 2nd, 5-4 (Groundball, 56)
Pitching: RHP Irwin Conway
Batting: RHB Alfredo López 0-0: Ball
1-0: SINGLE (Flyball, 8RS)
Edgardo Osorio to second
Batting: RHB Juan Costello 0-0: Called Strike
0-1: Swinging Strike
0-2: Ball
1-2: Strikes out swinging
Top of the 7th over - 0 run(s), 2 hit(s), 0 error(s), 2 left on base; Bemidji 3 - Columbia 6
BOTTOM OF THE 7TH
Columbia 08s batting - Pitching for Bemidji Benders : RHP Mark Anderson
Pitching: LHP Esteban García
Batting: RHB Ryosei Yamamoto 0-0: Called Strike
0-1: Ball
1-1: Foul Ball, location: 2F
1-2: Foul Ball, location: 2F
1-2: Strikes out swinging
Batting: LHB José Costa 0-0: SINGLE (Groundball, 34D)
Batting: RHB Cristo García 0-0: Ball
1-0: Foul Ball, location: 2F
1-1: SINGLE (Groundball, 56D) (infield hit)
José Costa to second
Batting: RHB Roberto Martínez 0-0: Called Strike
0-1: Ball
José Costa steals 3rd base
Cristo García to second
1-1: SINGLE (Line Drive, 6M)
José Costa scores
Cristo García to third
Batting: RHB Alfredo Hernández 0-0: Called Strike
0-1: Fly out, F9 (Flyball, 9D)
Runner from 3rd tags up, SCORES, no throw
Batting: RHB Chris Jones 0-0: Called Strike
0-1: Called Strike
Pickoff Throw to First - Out!
Bottom of the 7th over - 2 run(s), 3 hit(s), 0 error(s), 0 left on base; Bemidji 3 - Columbia 8
TOP OF THE 8TH
Bemidji Benders batting - Pitching for Columbia 08s : RHP Irwin Conway
Batting: RHB Javier Hernández 0-0: Called Strike
0-1: Swinging Strike
0-2: Ball
1-2: Strikes out looking
Batting: RHB Ángel Garza 0-0: Ball
1-0: Ball
2-0: Fly out, F3 (Popup, 3F)
Batting: SHB José Cruz 0-0: Ball
1-0: Ball
2-0: Ball
3-0: Base on Balls
Batting: RHB Júlio Valdés 0-0: Ball
1-0: Called Strike
1-1: Ball
2-1: Ball
3-1: Base on Balls
José Cruz to second
Batting: RHB António López 0-0: Ball
1-0: Ball
2-0: Called Strike
2-1: Ground out 5-3 (Groundball, 56)
Top of the 8th over - 0 run(s), 0 hit(s), 0 error(s), 2 left on base; Bemidji 3 - Columbia 8
BOTTOM OF THE 8TH
Columbia 08s batting - Pitching for Bemidji Benders : LHP Esteban García
Batting: RHB Chris Jones 0-0: Called Strike
0-1: Ball
1-1: Foul Ball, location: 2F
1-2: Ball
2-2: Foul Ball, location: 2F
2-2: Ground out 6-3 (Groundball, 6S)
Batting: LHB Gino Canio 0-0: Ball
1-0: Ground out 4-3 (Groundball, 4M)
Batting: RHB Ichizo Akiyama 0-0: Fly out, F8 (Line Drive, 8LM)
Bottom of the 8th over - 0 run(s), 0 hit(s), 0 error(s), 0 left on base; Bemidji 3 - Columbia 8
TOP OF THE 9TH
Bemidji Benders batting - Pitching for Columbia 08s : RHP Irwin Conway
Batting: RHB Gabriel Stout 0-0: Ball
1-0: Foul Ball, location: 2F
1-1: Swinging Strike
1-2: Ball
2-2: Strikes out looking
Batting: SHB Edgardo Osorio 0-0: Called Strike
0-1: Called Strike
0-2: Foul Ball, location: 2F
0-2: Ball
1-2: Ball
2-2: Ball
3-2: Base on Balls
Batting: RHB Alfredo López 0-0: Ball
1-0: Called Strike
1-1: Ball
2-1: Ball
3-1: Called Strike
3-2: Ground out 6-3 (Groundball, 6)
Edgardo Osorio to second
Pitching: RHP Miguel Padilla
Batting: RHB Juan Costello 0-0: Ball
1-0: Ground out 1-3 (Groundball, 13)
Top of the 9th over - 0 run(s), 0 hit(s), 0 error(s), 1 left on base; Bemidji 3 - Columbia 8
This league is powered by Out of the Park Baseball, the baseball management simulation game for PC, Mac and Linux
Wednesday, December 2nd, 2015 - OOTP Baseball 16.8 Build 38